 Dungeon Crawl Stone Soup version 0.26-a0-958-gf3041fb45f (webtiles) character file.

Game seed: 10403059757143820650

61 PentaManta the Sneak (level 3, 0/16 HPs)
             Began as a Spriggan Enchanter on Nov 30, 2020.
             Slain by a centaur (6 damage)
             ... on level 2 of the Dungeon.
             The game lasted 00:07:58 (2538 turns).

PentaManta the Sneak (Spriggan Enchanter)           Turns: 2538, Time: 00:07:59

Health: 0/16       AC:  2    Str:  4    XL:     3   Next: 83%
Magic:  1/8        EV: 20    Int: 16    God:
Gold:   118        SH:  0    Dex: 17    Spells: 1/7 levels left

rFire    . . .     SeeInvis +   a - +1 dagger
rCold    . . .     Faith    .   (shield restricted)
rNeg     . . .     Spirit   .   b - +0 robe
rPois    .         Reflect  .   (helmet restricted)
rElec    .         Harm     .   (no cloak)
rCorr    .         Rampage  .   (gloves unavailable)
MR       .....                  (boots unavailable)
Stlth    +++.......             (no amulet)
HPRegen  0.05/turn              (no ring)
MPRegen  0.11/turn              (no ring)

@: very quick
A: very small, unfitting armour, see invisible, speed 3
a: no special abilities


You were on level 2 of the Dungeon.
You visited 1 branch of the dungeon, and saw 3 of its levels.

You collected 118 gold pieces.

Inventory:

Hand Weapons
 a - a +1 dagger (weapon)
Armour
 b - a +0 robe (worn)
Scrolls
 g - a scroll of magic mapping {unknown}
 k - a scroll of teleportation {unknown}
 l - 2 scrolls of remove curse {unknown}
 m - a scroll of immolation {unknown}
Potions
 c - a potion of curing {unknown}
 h - 2 potions of heal wounds {unknown}
 i - a potion of lignification {unknown}
 j - a potion of berserk rage {unknown}
 n - a potion of mutation {unknown}


   Skills:
 - Level 1.1 Short Blades
 + Level 4.5 Dodging
 * Level 6.3 Stealth
 - Level 2.6 Spellcasting
 - Level 3.6 Hexes


You had one spell level left.
You knew the following spells:

 Your Spells              Type           Power        Failure   Level
a - Corona                Hex            ##.....      4%          1
b - Ensorcelled Hibernat  Hex/Ice        #.....       14%         2
c - Confusing Touch       Hex            ##......     13%         3

Your spell library contained the following spells:

 Spells                   Type           Power        Failure   Level
 Tukima's Dance           Hex            ##......     13%         3
 Dazzling Flash           Conj/Hex       #.....       28%         3


Dungeon Overview and Level Annotations

Branches:
Dungeon (3/15)

Altars:

Annotations:
D:2 exclusion: centaur


Innate Abilities, Weirdness & Mutations

You are very small and have problems with some larger weapons.
You are too small for most types of armour.
You have supernaturally acute eyesight. (SInv)
You cover ground extremely quickly.


Message History

2 arrows; a +0 leather armour; 2 scrolls labelled NITRUPN YHYHOE The centaur struggles against the net.
The net rips apart, and the centaur comes free!
The centaur unwields a +0 shortbow.
The centaur barely misses you. The bat hits you but does no damage.
You hit the centaur.
The centaur is lightly wounded.
The bat hits you but does no damage. The centaur hits you!
Ouch! That really hurt!
The centaur closely misses you.
As you read the scroll labelled LEATHA IKLUALU, it crumbles to dust.
You hear a loud clanging noise!
It was a scroll of noise.
You hear a bark!
You hear an angry hiss.
The bat completely misses you. The centaur barely misses you.
As you read the scroll labelled QINEHUBAPN, it crumbles to dust.
You assume a fearsome visage.
The centaur resists with some effort.
The bat looks frightened!
It was a scroll of fear.
The centaur barely misses you. The centaur hits you.
You die...

......#.<........
.#.......##....# ###
.).....#..(....###.#
.#.....###.....##(## # ##
..###...†......##†###. $ )#
.........#.....#(##.##.##.###.##.
.##............#(#.# #.#.#.#.#.#.
.####.#..#........#..#.c#..#..#..
.## #..........#@..#$..#.c.#...#.
..# ####....[...c#....#....#....#
..#######.........#.....#.....#..
......#.............#.....(#.(...
.####......#.###.......#.....(.#.
..###..###....#..................
#......# #...............#....>..
##..#..# #...##...###............
#.....## #..###..###....#.....##


You could see a centaur.

Vanquished Creatures
  An adder (D:2)
  A dart slug (D:1)
  A leopard gecko (D:2)
  6 goblins
  10 hobgoblins
  3 jackals (D:2)
  6 kobolds
  8 bats
  7 frilled lizards (D:1)
  6 rats
49 creatures vanquished.

Notes
Turn   | Place    | Note
-------+----------+-------------------------------------------
     0 | D:1      | PentaManta the Spriggan Enchanter began the quest for the
                  | Orb.
     0 | D:1      | Reached XP level 1. HP: 9/9 MP: 5/5
   196 | D:1      | Reached XP level 2. HP: 13/13 MP: 6/6
   244 | D:1      | Reached skill level 5 in Stealth
  1424 | D:1      | Reached XP level 3. HP: 13/16 MP: 5/8
  1620 | D:1      | Learned a level 2 spell: Ensorcelled Hibernation
  1624 | D:1      | Learned a level 3 spell: Confusing Touch
  1828 | D:2      | Noticed a centaur
  1842 | D:3      | Noticed a scorpion
  2054 | D:3      | Reached skill level 6 in Stealth
  2538 | D:2      | Slain by a centaur

Illustrated notes

Levels and vault maps discovered:
D:1:      psy_arrival_fountain, layout_basic, minmay_lizard_pond
D:2:      layout_rooms, serial_curves, eino_curves_03, eino_curves_02,
          eino_curves_01, minmay_increasing_density
D:3:      layout_rooms, nemelex_diamond_rough_becter, uniq_terence

Skill      XL: |  1  2  3 |
---------------+----------+-----
Stealth        | 5 6 |  6.3
Dodging        | 4 |  4.5
Short Blades   | |  1.1
Spellcasting   | |  2.6
Hexes          | |  3.6

Action                   || total
-------------------------++-------
Melee: Dagger            ||   170
Throw: Throwing net      ||     1
 Cast: Corona            ||    20
       Ensorcelled Hiber ||    14
       Confusing Touch   ||     1
  Use: Scroll            ||     2
 Stab: Sleeping          ||    14
       Confused          ||     1
Armor: Robe              ||    16
Dodge: Dodged            ||   189

Table legend: (Time is in decaauts)
 A = Elapsed time spent in this place.
 B = Non-inter-level travel time spent in this place.
 C = Inter-level travel time spent in this place.
 D = Time resting spent in this place.
 E = Time spent auto-exploring this place.
 F = Levels seen in this place.
 G = Mean time per level.
                   A        B        C        D        E       F      G
               +--------+--------+--------+--------+--------+-----+--------+
         Total |   2113 |   2065 |     48 |    824 |    773 |   3 |  704.3 |
       Dungeon |   2113 |   2065 |     48 |    824 |    773 |   3 |  704.3 |
               +--------+--------+--------+--------+--------+-----+--------+

Top non-repeatable levels by time:
     D:1: 1506 daAuts
     D:2: 350 daAuts
     D:3: 256 daAuts
